 Dungeon Crawl Stone Soup version 0.18-a0-1782-gb76a692 (webtiles) character file.

1102 Zhenya25pyc the Cudgeler (level 8, -3/51 HPs)
             Began as a Gargoyle Fighter on Apr 17, 2016.
             Killed by divine providence
             ... invoked by an orc priest
              (11 damage)
             ... on level 5 of the Dungeon.
             The game lasted 00:08:58 (3565 turns).

Zhenya25pyc the Cudgeler (Gargoyle Fighter)         Turns: 3565, Time: 00:08:59

Health: -3/51      AC: 17    Str: 22    XL:     8   Next: 32%
Magic:  8/8        EV:  4    Int:  9    God:
Gold:   192        SH:  9    Dex:  9    Spells: 0 memorised, 7 levels left

rFire  . . .     SeeInvis .     a - +0 flail
rCold  . . .     Gourm    .     o - +0 plate armour
rNeg   + . .     Faith    .     c - +0 shield
rPois  ∞         Spirit   .     (no helmet)
rElec  +         Dismiss  .     (no cloak)
rCorr  .         Reflect  .     (no gloves)
SustAt .         Harm     .     (no boots)
MR     .....                    (no amulet)
Stlth  ..........               (no ring)
                                (no ring)

@: not resistant to hostile enchantments, extremely unstealthy
A: negative energy resistance 1, electricity resistance, unbreathing,
petrification resistance, rot immunity, AC +5
a: no special abilities


You were on level 5 of the Dungeon.
You were not hungry.

You visited 1 branch of the dungeon, and saw 5 of its levels.
You also visited: Sewer.

You collected 192 gold pieces.

Inventory:

Hand Weapons
 a - a +0 flail (weapon)
Missiles
 r - 3 steel tomahawks (quivered)
Armour
 c - a +0 shield (worn)
 o - a +0 plate armour (worn)
Wands
 D - a wand of paralysis (8/24)
Scrolls
 b - 3 scrolls of noise {unknown}
 e - 2 scrolls of fog {unknown}
 g - 2 scrolls of teleportation {unknown}
 h - 2 scrolls of magic mapping {unknown}
 n - a scroll of remove curse {unknown}
 q - a scroll of amnesia {unknown}
 t - a scroll of immolation {unknown}
 w - a scroll of blinking {unknown}
 y - a scroll of enchant armour {unknown}
Potions
 d - a potion of might
 i - 3 potions of brilliance {unknown}
 j - 2 potions of mutation {unknown}
 k - 3 potions of haste {unknown}
 l - a potion of ambrosia {unknown}
 s - 3 potions of curing {unknown}
 u - a potion of invisibility {unknown}
 v - a potion of cure mutation {unknown}
 x - a potion of agility {unknown}
Books
 p - a book of Unlife

   Spells                             Type                      Level
   a - Recall                         Summoning/Translocation      3
   b - Animate Dead                   Necromancy                   4
   c - Control Undead                 Necromancy                   4
   d - Cigotuvi's Embrace             Necromancy                   5
   e - Death Channel                  Necromancy                   6
   f - Simulacrum                     Ice/Necromancy               6
Comestibles
 f - 3 bread rations
 m - 2 meat rations
 z - 3 fruits
 A - a beef jerky
 B - 2 royal jellies
 C - 8 chunks of flesh


   Skills:
 + Level 6.2 Fighting
 * Level 7.2 Maces & Flails
 + Level 5.7 Armour
 - Level 3.2 Shields


You had 7 spell levels left.
You didn't know any spells.

Dungeon Overview and Level Annotations

Branches:
Dungeon (5/15)
 Temple: D:4-7

Altars:
Nemelex Xobeh
Qazlal


Innate Abilities, Weirdness & Mutations

You are resistant to torment.
Your stone body is resilient (AC +5).
You are immune to poison.
You resist negative energy.
You are resistant to electric shocks.
You can survive without breathing.
You are immune to petrification.
You are immune to rotting.


Message History

A sky beast appears from thin air!
Reactivating autopickup.
A jackal zombie comes into view.
Deactivating autopickup; reactivate with Ctrl-A.
You closely miss something. Something hits you but does no damage.
The orc priest calls down the wrath of Beogh upon you.
The orc priest miscasts a cantrip.
You sock something!
Reactivating autopickup.
You feel a bit more experienced.
You hit the orc priest.
The orc priest is almost dead.
The orc priest hits you but does no damage.
The sky beast flickers out of sight!
Deactivating autopickup; reactivate with Ctrl-A.
You closely miss the orc priest.
The orc priest is almost dead.
The orc priest mumbles some strange prayers to Beogh against you.
Beogh smites you!
You die...

....... .......
....... .......
##.......
#.##........
..##..Z.....
#####.##@#
#...#.##o#
#.)[#.##o#
+.)<#.##o#
###...#.##.#####o..
#.........o)..ooY..
#.#####.###########
#####+#####.#
#........##'####


You could see 2 orc priests, 2 orcs and a jackal zombie.

Vanquished Creatures
  A black bear (D:4)
  An orc warrior (D:4)
  A giant frog (Sewer)
  A scorpion (D:4)
  A howler monkey (D:4)
  2 hounds (D:4)
  A jelly (D:5)
  An orc priest (D:4)
  5 orc wizards
  2 iguanas (D:4)
  Ijyb (D:2)
  3 worker ants (D:4)
  2 hound zombies (D:2)
  12 adders
  16 oozes
  2 adder zombies (D:2)
  5 worms
  2 dart slugs
  11 giant geckos
  14 orcs
  11 ball pythons
  A bat zombie (D:2)
  16 giant cockroaches
  4 goblins
  3 hobgoblins
  3 jackals (D:1)
  5 quokkas
  A ball python skeleton (D:2)
  2 bats
  A giant cockroach zombie (D:2)
  A giant gecko zombie (D:2)
  15 giant newts
  A kobold (D:3)
  7 rats
155 creatures vanquished.

Notes
Turn   | Place    | Note
--------------------------------------------------------------
     0 | D:1      | Zhenya25pyc the Gargoyle Fighter began the quest for the Orb.
     0 | D:1      | Reached XP level 1. HP: 14/14 MP: 1/1
   183 | D:1      | Reached XP level 2. HP: 19/19 MP: 2/2
   633 | D:2      | Reached skill level 3 in Maces & Flails
   633 | D:2      | Reached XP level 3. HP: 17/24 MP: 3/3
   784 | D:2      | Reached XP level 4. HP: 26/29 MP: 4/4
  1062 | D:2      | Noticed Ijyb
  1083 | D:2      | Killed Ijyb
  1083 | D:2      | Reached skill level 4 in Maces & Flails
  1083 | D:2      | Reached XP level 5. HP: 31/33 MP: 5/5
  1669 | D:3      | Found a stormy altar of Qazlal.
  1776 | D:3      | Found a sparkling altar of Nemelex Xobeh.
  1969 | D:4      | Reached XP level 6. HP: 39/39 MP: 6/6
  1997 | D:4      | Reached skill level 5 in Maces & Flails
  2047 | D:4      | Noticed an orc warrior
  2061 | D:4      | Killed an orc warrior
  2061 | D:4      | Reached skill level 5 in Fighting
  2061 | D:4      | Reached XP level 7. HP: 33/44 MP: 7/7
  2282 | D:4      | Reached skill level 5 in Armour
  2284 | D:4      | Reached skill level 6 in Maces & Flails
  2459 | D:4      | Found a glowing drain.
  2463 | Sewer    | Entered a sewer
  2954 | Sewer    | Reached XP level 8. HP: 38/51 MP: 8/8
  3132 | D:4      | Reached skill level 7 in Maces & Flails
  3427 | D:5      | Entered Level 5 of the Dungeon
  3565 | D:5      | Killed from afar by an orc priest

Vault maps used:
D:1:      dpeg_arrival_water_temple_mockup
D:2:      serial_undead, serial_undead_d, serial_undead_c, serial_undead_a,
          serial_undead_b, uniq_iyjb
D:3:      lemuel_upstairs_altar, grunt_qazlal_clouds, first_bread,
          nemelex_lonely_heart_becter
D:4:      black_bear_nest_2, gup_sewer_entry_bowl
D:5:      uniq_eustachio, uniq_crazy_yiuf_cottage
Sewer:    sewer_frog_island_02

Skill      XL: |  1  2  3  4  5  6  7  8 |
---------------+-------------------------+-----
Maces & Flails | 3 4 5 6 7 |  7.2
Fighting       | 4 5 6 |  6.2
Armour         | 4 5 |  5.7
Shields        | |  3.2

Action                   |  1- 3 |  4- 6 |  7- 9 || total
-------------------------+-------+-------+-------++-------
Melee: Flail             |    90 |   256 |   532 ||   878
  Eat: Chunk             |       |     4 |     7 ||    11
Armor: Scale mail        |    64 |    25 |       ||    89
       Plate armour      |       |   251 |   424 ||   675
Dodge: Dodged            |    35 |    42 |   105 ||   182
Block: Shield            |    46 |   195 |   267 ||   508
